 Dungeon Crawl Stone Soup version 0.26-a0-665-gefeb406119 (webtiles) character file.

Game seed: 982728508944306848

256 robertstho the Ruffian (level 5, -9/53 HPs)
             Began as a Troll Fighter on Oct 14, 2020.
             Was an Initiate of Okawaru.
             Mangled by a two-headed ogre
             ... wielding a +0 giant club
              (12 damage)
             ... on level 4 of the Dungeon.
             The game lasted 00:04:09 (1835 turns).

robertstho the Ruffian (Troll Fighter)              Turns: 1835, Time: 00:04:10

Health: -9/53      AC:  6    Str: 25    XL:     5   Next: 92%
Magic:  4/4        EV:  8    Int:  4    God:    Okawaru [......]
Gold:   183        SH:  9    Dex:  9    Spells: 4/4 levels left

rFire    . . .     SeeInvis .     - Unarmed
rCold    . . .     Faith    .   b - +0 kite shield
rNeg     . . .     Spirit   .   o - +0 robe (curse)
rPois    .         Reflect  .   (helmet restricted)
rElec    .         Harm     .   (no cloak)
rCorr    .         Rampage  .   (gloves unavailable)
MR       .....                  (boots unavailable)
Stlth    +.........             (no amulet)
HPRegen  0.57/turn              (no ring)
MPRegen  0.09/turn              (no ring)

@: mighty
A: large, unfitting armour, claws 3, regeneration 1, shaggy fur 1, tough skin 3
a: Renounce Religion


You were on level 4 of the Dungeon.
You worshipped Okawaru.
Okawaru was noncommittal.
You visited 1 branch of the dungeon, and saw 4 of its levels.

You collected 183 gold pieces.

Inventory:

Armour
 a - a +0 robe
 b - a +0 kite shield (worn)
 o - a cursed +0 robe (worn)
Wands
 n - a wand of flame (12)
Scrolls
 d - a scroll of enchant weapon {unknown}
 f - a scroll of fog {unknown}
 g - 3 scrolls of amnesia {unknown}
 h - 7 scrolls of remove curse {unknown}
 i - 2 scrolls of immolation {unknown}
 k - a scroll of random uselessness {unknown}
 l - 3 scrolls of blinking {unknown}
 p - 2 scrolls of enchant armour {unknown}
 q - a scroll of fear {unknown}
 r - a scroll of identify {unknown}
Potions
 e - 5 potions of curing {unknown}
 j - a potion of haste {unknown}
 m - 3 potions of degeneration {unknown}


   Skills:
 * Level 3.0 Fighting
 * Level 3.5 Dodging
 + Level 2.8 Shields
 * Level 4.3 Unarmed Combat
 * Level 0.9 Invocations


You had 4 spell levels left.
You didn't know any spells.
Your spell library was empty.

Dungeon Overview and Level Annotations

Branches:
Dungeon (4/15)
 Temple: D:4-7

Altars:
Ashenzari
Gozag
Okawaru
Sif Muna
Trog
Wu Jian
Xom

Shops:
D:4 =


Innate Abilities, Weirdness & Mutations

You are too large for most types of armour.
You have claws for hands.
Your natural rate of healing is unusually fast.
You are covered in fur. (AC +1)
You have extremely tough skin. (AC +3)


Message History

The two-headed ogre hits you with a +0 giant club.
The two-headed ogre hits you with a +0 giant spiked club.
You barely miss the two-headed ogre.
The two-headed ogre is moderately wounded.
You block the two-headed ogre's attack. x2
You claw the two-headed ogre!
The two-headed ogre is heavily wounded.
You scratch the two-headed ogre.
The two-headed ogre is heavily wounded.
The two-headed ogre hits you with a +0 giant club!!
* * * LOW HITPOINT WARNING * * *
The two-headed ogre hits you with a +0 giant spiked club.
* * * LOW HITPOINT WARNING * * *
The orc hits you with a +0 mace.
* * * LOW HITPOINT WARNING * * *
You completely miss the two-headed ogre.
The two-headed ogre is heavily wounded.
You block the two-headed ogre's attack.
The two-headed ogre hits you with a +0 giant spiked club!
You die...

#....###.#........#..>........#
....###......#.....#..........#
...#...###.###....#.......#..#
#.#o### #..............#.#..#
###..Z# #.....##.......#....###
.....)#####...######......._....#
...)...#.#....## #.............#
##...........#Z#####...........#
#......#.#....oO@.............##
#....#.####....##..............#
#....#..####.####.....##.......#
....##..#..#.###......#.....####
..## .....#.#........#......#
#...............##......#
##....#..........##....###
............†....)#......#
............†.....)..#..##


You could see a two-headed ogre, an orc and a jackal skeleton.

Vanquished Creatures
  An orc priest (D:4)
  An orc wizard (D:3)
  Ijyb (D:3)
  A worker ant (D:4)
  3 adders
  A shadow imp (D:3)
  An ooze (D:3)
  5 worms
  2 dart slugs
  2 leopard geckos
  9 orcs
  4 ball pythons
  7 bats
  A giant cockroach (D:3)
  9 goblins
  5 hobgoblins
  6 jackals (D:3)
  A quokka (D:3)
  4 frilled lizards
  11 kobolds
  15 rats
90 creatures vanquished.

Notes
Turn   | Place    | Note
-------+----------+-------------------------------------------
     0 | D:1      | robertstho the Troll Fighter began the quest for the Orb.
     0 | D:1      | Reached XP level 1. HP: 22/22 MP: 0/0
    45 | D:1      | Reached XP level 2. HP: 21/29 MP: 1/1
   426 | D:2      | Found a shimmering altar of Xom.
   429 | D:2      | Reached XP level 3. HP: 35/36 MP: 2/2
   652 | D:2      | Found an opulent altar of Gozag.
   903 | D:3      | Reached XP level 4. HP: 33/44 MP: 3/3
   930 | D:3      | Reached skill level 3 in Unarmed Combat
   938 | D:3      | Found an iron altar of Okawaru.
   957 | D:3      | Became a worshipper of Warmaster Okawaru
  1044 | D:3      | Noticed Ijyb
  1060 | D:3      | Killed Ijyb
  1087 | D:3      | Reached XP level 5. HP: 40/52 MP: 4/4
  1208 | D:3      | Found a broken altar of Ashenzari.
  1329 | D:3      | Found a shimmering blue altar of Sif Muna.
  1442 | D:3      | Noticed a moth of wrath
  1444 | D:3      | Found a bloodstained altar of Trog.
  1607 | D:4      | Reached skill level 4 in Unarmed Combat
  1682 | D:4      | Found an ornate altar of the Wu Jian Council.
  1710 | D:4      | Found Huronam's Jewellery Shop.
  1736 | D:4      | Noticed a two-headed ogre
  1833 | D:4      | HP: 2/53 [orc/+0 mace (5)]
  1835 | D:4      | Mangled by a two-headed ogre

Illustrated notes

Levels and vault maps discovered:
D:1:      minmay_arrival_arboretum_large, layout_basic
D:2:      layout_basic, grunt_gozag_statues, lemuel_crystal_altar
D:3:      layout_rooms, nicolae_overflow_hidden_temple, tgw_sif,
          okawaru_trees_2, tgw_trog, minmay_misc_feat_encased, uniq_ijyb
D:4:      layout_cave_pools, overflow_temple_1_default, serial_shops,
          kennysheep_mini, shop

Skill      XL: |  1  2  3  4  5 |
---------------+----------------+-----
Dodging        | 3 |  3.5
Unarmed Combat | 3 4 |  4.3
Fighting       | 3 |  3.0
Shields        | |  2.8
Invocations    | |  0.9

Action                   |  1- 3 |  4- 6 || total
-------------------------+-------+-------++-------
Melee: Unarmed           |   107 |   135 ||   242
  Use: Potion            |       |     1 ||     1
Armor: Robe              |    35 |    38 ||    73
Dodge: Dodged            |    40 |    39 ||    79
Block: Kite shield       |    36 |    46 ||    82

Table legend: (Time is in decaauts)
 A = Elapsed time spent in this place.
 B = Non-inter-level travel time spent in this place.
 C = Inter-level travel time spent in this place.
 D = Time resting spent in this place.
 E = Time spent auto-exploring this place.
 F = Levels seen in this place.
 G = Mean time per level.
                   A        B        C        D        E       F      G
               +--------+--------+--------+--------+--------+-----+--------+
         Total |   1849 |   1813 |     36 |      0 |   1233 |   4 |  462.2 |
       Dungeon |   1849 |   1813 |     36 |      0 |   1233 |   4 |  462.2 |
               +--------+--------+--------+--------+--------+-----+--------+

Top non-repeatable levels by time:
     D:3: 774 daAuts
     D:2: 493 daAuts
     D:1: 400 daAuts
     D:4: 180 daAuts
